 Dungeon Crawl Stone Soup version 0.17.2-2-g6415ff710d (webtiles) character file.

2 Goblin1989 the Cutter (level 1, -6/14 HPs)
             Began as a Kobold Berserker on Mar 7, 2023.
             Was a Follower of Trog.
             Mangled by a gnoll
             ... wielding a +0 halberd
              (13 damage)
             ... on level 1 of the Dungeon.
             The game lasted 00:00:30 (219 turns).

Goblin1989 the Cutter (Kobold Berserker)             Turns: 219, Time: 00:00:32

Health: -6/14      AC:  2    Str: 15    XL:     1   Next: 44%
Magic:  1/1        EV: 15    Int:  5    God:    Trog [*.....]
Gold:   31         SH:  0    Dex: 15    Spells: 0 memorised, 0 levels left

rFire  . . .     SeeInvis .     a - +0 short sword
rCold  . . .     Clarity  .     b - +0 animal skin
rNeg   . . .     SustAt   .     (shield restricted)
rPois  .         Gourm    .     (no helmet)
rElec  .         Spirit   .     (no cloak)
rCorr  .         Warding  .     (no gloves)
rMut   .         Stasis   .     (no boots)
MR     .....                    (no amulet)
Stlth  +.........               (no ring)
                                (no ring)

@: not resistant to hostile enchantments, very unstealthy
A: carnivore 3
a: Berserk, Burn Spellbooks, Renounce Religion


You were on level 1 of the Dungeon.
You worshipped Trog.
Trog was aware of your devotion.
You were not hungry.

You visited 1 branch of the dungeon, and saw 1 of its levels.

You collected 31 gold pieces.

Inventory:

Hand Weapons
 a - a +0 short sword (weapon)
Armour
 b - a +0 animal skin (worn)
Scrolls
 d - a scroll of identify {unknown}
Comestibles
 c - a meat ration {@e2}


   Skills:
 + Level 3.3 Fighting
 * Level 4.1 Short Blades
 + Level 1.5 Armour
 + Level 2.5 Dodging


You couldn't memorise any spells.
You didn't know any spells.

Dungeon Overview and Level Annotations

Branches:
Dungeon (1/15)

Altars:


Innate Abilities, Weirdness & Mutations

You are small and have problems with some larger weapons.
You are carnivorous and can eat meat at any time.


Message History

You barely miss the goblin.
The goblin is almost dead.
The goblin misses you.
You barely miss the goblin.
The goblin is almost dead.
The goblin barely misses you.
You hit the goblin but do no damage.
The goblin is almost dead.
Your unstable footing causes you to fumble your attack.
The goblin splashes around in the water.
You closely miss the goblin.
The goblin is almost dead.
The goblin hits you but does no damage.
You hit the goblin.
You kill the goblin!
Trog accepts your kill.
You start resting.
HP restored.
Health restored: 14 You open the large door.
There is a large open door here.
You open the door.
There is an open door here.
You open the door.
There is an open door here.
You enter the shallow water.
Moving in this stuff is going to be slow.
Key pressed, stopping explore.
You now have 18 gold pieces.
A giant newt comes into view.
A giant newt is nearby!
A giant newt is nearby!
The giant newt hisses menacingly.
The giant newt closely misses you.
You closely miss the giant newt. The giant newt barely misses you.
You hit the giant newt.
You kill the giant newt!
Trog accepts your kill.
No target in view!
No target in view!
No target in view!
No target in view!
No target in view!
No target in view!
No target in view!
No target in view!
No target in view!
No target in view!
No target in view!
No target in view!
No target in view!
No target in view!
You see here a giant newt corpse.
You butcher the giant newt corpse.
f - a chunk of flesh Eating a chunk of flesh.
This raw flesh tastes great.
You continue eating. x2
You now have 31 gold pieces (gained 13).
A bat and a gnoll come into view.
The gnoll shouts!
The bat completely misses you.
A jackal comes into view.
The jackal barks!
You hit the bat.
You kill the bat!
Trog accepts your kill.
A rat and a jackal come into view.
The jackal barks!
The gnoll barely misses you.
Found a stone staircase leading down. 2 jackals come into view.
You barely miss the gnoll.
The jackal barks!
The jackal misses you.
A giant gecko comes into view.
You closely miss the gnoll. The gnoll hits you with a halberd.
A bat comes into view.
You take 4 damage, and have 10/14 hp.
O_OOPS!!
MASSIVE DAMAGE!!
You hit the gnoll but do no damage. The gnoll misses you.
You hit the gnoll.
The gnoll is lightly wounded.
The jackal barely misses you. The jackal bites you. The gnoll misses you.
You take 1 damage, and have 9/14 hp.
You hit the gnoll but do no damage.
The gnoll is lightly wounded.
The jackal bites you but does no damage.
The jackal completely misses you. x2
The jackal closely misses you. The bat closely misses you.
You hit the gnoll.
The gnoll is moderately wounded.
The bat closely misses you. The bat misses you. The gnoll barely misses you.
The jackal misses you. The jackal completely misses you.
You hit the gnoll.
The gnoll is severely wounded.
The bat closely misses you.
The jackal bites you but does no damage.
The jackal completely misses you. The jackal bites you.
The gnoll hits you with a halberd!
Ouch! That really hurt!
You die...

█>........█
█.........█ ██
█........!████..
██.........█....
...........█...
██.........█.█
.......g..?..█████ .
█████h@██...█.... ..
.....hhrh......████.█.
......lb..............
........█.█.█████...█
..█...............█
...█...........████
............████
.........█..█
.█.........█ ..


You could see a gnoll, a giant gecko, 4 jackals, a bat and a rat.

Vanquished Creatures
  A goblin (D:1)
  A bat (D:1)
  A giant newt (D:1)
3 creatures vanquished.

Notes
Turn   | Place    | Note
--------------------------------------------------------------
     0 | D:1      | Goblin1989 the Kobold Berserker began the quest for the Orb.
     0 | D:1      | Reached XP level 1. HP: 14/14 MP: 1/1
   219 | D:1      | Mangled by a gnoll

Action                   || total
-------------------------++-------
Melee: Short sword       ||    29
  Eat: Chunk             ||     1

Vault maps used:
D:1:      dpeg_arrival_castle
